 Dungeon Crawl Stone Soup version 0.17-a0-1954-g0dddeaa (webtiles) character file.

6404 herbi the Thaumaturge (level 10, -4/50 HPs)
             Began as a Deep Elf Ice Elementalist on Oct 4, 2015.
             Was an Elder of Vehumet.
             Slain by a shadow (20 damage)
             ... on level 10 of the Dungeon.
             The game lasted 00:57:28 (13085 turns).

herbi the Thaumaturge (Deep Elf Ice Elementalist)  Turns: 13085, Time: 00:57:28

Health: -4/50      AC: 11    Str:  5    XL:     10   Next: 66%
Magic:  4/29       EV: 13    Int: 24    God:    Vehumet [****..]
Gold:   588        SH:  0    Dex: 15    Spells: 9 memorised, 8 levels left

rFire  . . .     SeeInvis .     x - +0 halberd (protect)
rCold  . . .     Clarity  .     a - +0 robe
rNeg   . . .     SustAt   .     (no shield)
rPois  +         Gourm    .     (no helmet)
rElec  .         Spirit   .     o - +2 cloak
rCorr  +         Warding  .     d - +0 pair of gloves
rMut   .         Stasis   .     (no boots)
MR     +....                    F - amulet of resist corrosion
Stlth  ++........               (no ring)
                                m - ring of poison resistance

@: somewhat resistant to hostile enchantments, unstealthy
A: no striking features
a: Renounce Religion


You were on level 10 of the Dungeon.
You worshipped Vehumet.
Vehumet was greatly pleased with you.
You were not hungry.

You visited 2 branches of the dungeon, and saw 12 of its levels.

You collected 588 gold pieces.

Inventory:

Hand weapons
 u - the +8 flail "Teuguxt" {drain, +Blink rC+}
   (You found it on level 6 of the Dungeon)

   A truly terrible weapon, it drains the life of those it strikes.
   It protects you from cold.
   It lets you blink.
 x - a +0 halberd of protection (weapon)
Armour
 a - a +0 robe (worn)
 d - a +0 pair of gloves (worn)
 o - a +2 cloak (worn)
Jewellery
 i - an uncursed ring of teleportation
 m - a ring of poison resistance (left hand)
 s - an uncursed ring of protection from magic
 t - an uncursed amulet of rage
 y - an uncursed ring of sustain attributes
 F - an amulet of resist corrosion (around neck)
Magical devices
 f - a wand of enslavement (8)
 j - a wand of polymorph (16)
 B - a wand of disintegration (9)
 D - a wand of heal wounds (2)
Scrolls
 e - 9 scrolls of remove curse
 l - a scroll of brand weapon {unknown}
 n - 2 scrolls of blinking
 p - a scroll of enchant armour
 q - 2 scrolls of fog
 E - 3 scrolls of identify
 G - a scroll of teleportation {unknown}
Potions
 C - a potion of cancellation {unknown}
 H - a potion of flight {unknown}
 I - 2 potions of agility
 L - a potion of cure mutation {unknown}
Books
 b - a book of Frost

   Spells                             Type                      Level
   a - Freeze                         Ice                          1
   b - Throw Frost                    Conjuration/Ice              2
   c - Ozocubu's Armour               Charms/Ice                   3
   d - Throw Icicle                   Conjuration/Ice              4
   e - Summon Ice Beast               Ice/Summoning                4
   f - Condensation Shield            Ice                          4
 r - a book of Conjurations

   Spells                             Type                      Level
   a - Magic Dart                     Conjuration                  1
   b - Searing Ray                    Conjuration                  2
   c - Dazzling Spray                 Conjuration/Hexes            3
   d - Fulminant Prism                Conjuration/Hexes            4
   e - Iskenderun's Mystic Blast      Conjuration                  4
   f - Iskenderun's Battlesphere      Conjuration/Charms           5
 v - a Grand Grimoire

   Spells                             Type                      Level
   a - Monstrous Menagerie            Summoning                    6
   b - Summon Greater Demon           Summoning                    7
   c - Malign Gateway                 Summoning/Translocation      7
   d - Summon Horrible Things         Summoning                    8
 A - a book of Spatial Translocations

   Spells                             Type                      Level
   a - Apportation                    Translocation                1
   b - Blink                          Translocation                2
   c - Shroud of Golubria             Charms/Translocation         2
   d - Portal Projectile              Translocation                3
   e - Teleport Other                 Translocation                3
   f - Passage of Golubria            Translocation                4
 K - a book of Summonings

   Spells                             Type                      Level
   a - Recall                         Summoning/Translocation      3
   b - Aura of Abjuration             Summoning                    5
   c - Shadow Creatures               Summoning                    5
   d - Summon Demon                   Summoning                    5
   e - Summon Forest                  Summoning/Translocation      5
   f - Summon Mana Viper              Hexes/Summoning              5
Comestibles
 c - 14 bread rations
 g - a beef jerky
 h - 8 meat rations
 k - 2 slices of pizza
 z - 3 fruits


   Skills:
 - Level 2.7 Dodging
 - Level 2.7 Stealth
 + Level 13.1 Spellcasting
 * Level 5.6 Conjurations
 - Level 6.0 Summonings
 - Level 2.2 Translocations
 + Level 11.1 Ice Magic


You had 8 spell levels left.
You knew the following spells:

 Your Spells              Type           Power        Failure   Level  Hunger
a - Freeze                Ice            ####         1%          1    None
b - Throw Frost           Conj/Ice       ######       1%          2    None
c - Throw Icicle          Conj/Ice       ######..     1%          4    None
d - Summon Ice Beast      Ice/Summ       ######..     1%          4    None
e - Ozocubu's Armour      Chrm/Ice       #####...     1%          3    None
f - Iskenderun's Mystic   Conj           #####...     1%          4    None
g - Blink                 Tloc           N/A          1%          2    None
h - Mephitic Cloud        Conj/Pois/Air  ###.....     1%          3    None
i - Sticky Flame          Conj/Fire      ####....     4%          4    None


Dungeon Overview and Level Annotations

Branches:
Dungeon (11/15)            Temple (1/1) D:5            Lair (0/8) D:10
    Orc: D:9-12

Altars:
Ashenzari
Cheibriados
Dithmenos
Elyvilon
Fedhas
Gozag
Kikubaaqudgha
Makhleb
Nemelex Xobeh
Ru
Sif Muna
Trog
Vehumet
Xom
Yredelemnul
Zin
The Shining One

Shops:
D:4 %   D:5 !


Message History

Casting: Throw Icicle
Confirm with . or Enter, or press ? or * to list all spells.
You blink.
Casting: Blink
Confirm with . or Enter, or press ? or * to list all spells.
Aiming: Iskenderun's Mystic Blast
Press: ? - help, Shift-Dir - straight line, f - shadow
Aim: a shadow (translocational energy, severely damaged)
The orb of energy hits the shadow.
The shadow is almost destroyed.
The orb of energy explodes!
The shadow slips into darkness.
The shadow flickers and vanishes!
Deactivating autopickup; reactivate with Ctrl-A.
Casting: Iskenderun's Mystic Blast
Confirm with . or Enter, or press ? or * to list all spells.
A chill wind blows around you.
Your ice beast barely misses something.
The shadow strikes at you from the darkness!
You die...

# #.# ###.... ### #.# ##.#..##
..####.########### #.......
#.##.............# ##......
#.##)....#######.# #.#....
..((.....# #.# #.##### #.##...[.#
#.# #.##### #.##...(.# #.#
#.....# #.####.### #@# #.###.#
..# ##'## #.# #...... #####...##
#.# #####.# ##.....## #Y####
########.# ##.......## ##....#
#.>......#
##.........####...#.####.#####..#
.'.........'.............# #...
##.........####...#.####.# #..#
##.......## #..........# #.#.


You could see a friendly ice beast.

Vanquished Creatures
  2 ugly things (D:11)
  2 trolls
  A spriggan (D:7)
  2 wyverns
  A mottled dragon (D:11)
  An ice beast (D:7)
  4 ogres
  2 centaurs (D:10)
  A giant frog (D:8)
  3 killer bees (D:8)
  2 scorpions
  2 wights (D:7)
  3 electric eels (D:8)
  A centaur zombie (D:9)
  7 hounds
  2 jellies
  An iguana (D:9)
  Ijyb (D:3)
  A giant frog skeleton (D:9)
  4 worker ants
  2 hound skeletons
  A gnoll (D:8)
  10 adders
  2 adder zombies
  2 adder skeletons
  2 worms
  3 giant geckos
  9 orcs
  6 giant cockroaches
  9 goblins
  4 hobgoblins
  30 kobolds
  5 quokkas
  A ball python (D:3)
  4 bats
  A giant cockroach zombie (D:5)
  8 giant newts
  6 jackals
  A jackal skeleton (D:5)
  A quokka zombie (D:6)
  2 rats
152 creatures vanquished.

Vanquished Creatures (collateral kills)
  Sonja (D:11)
  A hill giant (D:10)
  Psyche (D:8)
  A gargoyle (D:10)
  A troll (D:11)
  A trapdoor spider zombie (D:10)
  A deep elf mage (D:9)
  A wyvern (D:8)
  8 yaks
  2 sky beasts (D:7)
  An ice beast (D:7)
  An ogre (D:6)
  An eye of draining (D:8)
  2 necrophages
  2 orc warriors (D:7)
  A centaur (D:7)
  Blork the orc (D:6)
  3 big kobolds
  2 giant frogs
  9 killer bees
  9 wights
  A hound (D:6)
  A giant frog skeleton (D:10)
  A giant frog zombie (D:11)
  A jelly (D:10)
  2 orc priests
  5 orc wizards
  A worker ant (D:11)
  A hound skeleton (D:10)
  A worker ant zombie (D:7)
  4 gnolls (D:5)
  3 adders
  3 shadow imps
  An adder skeleton (D:7)
  A worm (D:6)
  16 orcs
  A goblin (D:8)
  A hobgoblin (D:5)
  4 jackals (D:7)
  24 kobolds
  A quokka (D:11)
123 creatures vanquished.

Vanquished Creatures (others)
  2 kobolds (D:8)
2 creatures vanquished.

Grand Total: 277 creatures vanquished

Notes
Turn   | Place    | Note
--------------------------------------------------------------
     0 | D:1      | herbi the Deep Elf Ice Elementalist began the quest for the Orb.
     0 | D:1      | Reached XP level 1. HP: 10/10 MP: 6/6
   299 | D:1      | Reached XP level 2. HP: 15/15 MP: 5/8
   303 | D:1      | Learned a level 2 spell: Throw Frost
   657 | D:1      | Reached skill level 4 in Ice Magic
   873 | D:2      | Reached XP level 3. HP: 19/19 MP: 5/10
  1095 | D:2      | Found a faded altar to an unknown god.
  1901 | D:3      | Found a sparkling altar of Nemelex Xobeh.
  2062 | D:3      | Noticed Ijyb
  2172 | D:3      | Killed Ijyb
  2172 | D:3      | Reached XP level 4. HP: 18/24 MP: 3/12
  2268 | D:3      | Learned a level 4 spell: Throw Icicle
  2273 | D:3      | Learned a level 4 spell: Summon Ice Beast
  2387 | D:4      | Reached skill level 5 in Spellcasting
  2387 | D:4      | Reached XP level 5. HP: 28/28 MP: 5/14
  2594 | D:4      | Found Onnuuhao's Food Shop.
  2660 | D:4      | Found a shimmering altar of Xom.
  2662 | D:4      | Found a glowing golden altar of the Shining One.
  2672 | D:4      | Found a sacrificial altar of Ru.
  2734 | D:4      | Reached skill level 5 in Ice Magic
  2880 | D:5      | Entered Level 5 of the Dungeon
  2977 | D:5      | Found Seecok's Distillery.
  3196 | D:5      | Reached skill level 6 in Spellcasting
  3223 | D:5      | Reached XP level 6. HP: 17/32 MP: 0/17
  3454 | D:5      | Found a shadowy altar of Dithmenos.
  3758 | D:5      | Reached skill level 1 in Summonings
  4297 | D:5      | Found a staircase to the Ecumenical Temple.
  4500 | Temple   | Entered the Ecumenical Temple
  4595 | Temple   | Became a worshipper of Vehumet
  4833 | D:6      | Reached XP level 7. HP: 34/36 MP: 3/19
  4983 | D:6      | Got a slimy flail
  4984 | D:6      | Identified the +8 flail "Teuguxt" {drain, +Blink rC+} (You found it on level 6 of the Dungeon)
  5076 | D:6      | Reached skill level 7 in Spellcasting
  5219 | D:6      | Noticed Blork the orc
  5233 | D:6      | Killed Blork the orc
  5304 | D:6      | Found a deep blue altar of Sif Muna.
  5343 | D:6      | Found an ancient bone altar of Kikubaaqudgha.
  5345 | D:6      | Found a blossoming altar of Fedhas.
  6044 | D:7      | Found a deep blue altar of Sif Muna.
  6111 | D:7      | Reached skill level 8 in Spellcasting
  6433 | D:7      | Reached XP level 8. HP: 41/41 MP: 11/22
  6438 | D:7      | Learned a level 3 spell: Ozocubu's Armour
  6443 | D:7      | Learned a level 4 spell: Iskenderun's Mystic Blast
  7047 | D:7      | Reached skill level 5 in Summonings
  7058 | D:7      | Acquired Vehumet's first power
  7058 | D:7      | Offered knowledge of Sting by Vehumet.
  7378 | D:7      | Reached skill level 9 in Spellcasting
  7689 | D:7      | Noticed a spriggan baker
  7697 | D:7      | Killed a spriggan baker
  8139 | D:8      | Learned a level 2 spell: Blink
  8163 | D:8      | Offered knowledge of Shock by Vehumet.
  8253 | D:8      | Reached XP level 9. HP: 45/45 MP: 11/24
  8384 | D:8      | Reached skill level 10 in Spellcasting
  8447 | D:8      | Noticed Psyche
  8522 | D:8      | Killed Psyche
  9393 | D:8      | Offered knowledge of Inner Flame by Vehumet.
  9410 | D:8      | Found a bloodstained altar of Trog.
 10121 | D:9      | Reached skill level 11 in Spellcasting
 10417 | D:10     | Entered Level 10 of the Dungeon
 10485 | D:10     | Noticed a hill giant
 10490 | D:10     | Killed a hill giant
 10493 | D:10     | Acquired Vehumet's second power
 10797 | D:10     | Reached skill level 10 in Ice Magic
 10986 | D:10     | Found a staircase to the Lair.
 10994 | D:10     | Reached XP level 10. HP: 36/50 MP: 19/27
 11145 | D:10     | Offered knowledge of Mephitic Cloud by Vehumet.
 11315 | D:10     | Reached skill level 12 in Spellcasting
 11379 | D:10     | Learned a level 3 spell: Mephitic Cloud
 11642 | D:10     | Reached skill level 1 in Translocations
 12134 | D:11     | Reached skill level 5 in Conjurations
 12376 | D:11     | Noticed a red ugly thing
 12390 | D:11     | Killed a red ugly thing
 12390 | D:11     | Acquired Vehumet's third power
 12527 | D:11     | Offered knowledge of Sticky Flame by Vehumet.
 12606 | D:11     | Noticed Sonja
 12799 | D:11     | Killed Sonja
 12824 | D:11     | Noticed a green ugly thing
 12844 | D:11     | Killed a green ugly thing
 12844 | D:11     | Reached skill level 13 in Spellcasting
 12859 | D:10     | Learned a level 4 spell: Sticky Flame
 13085 | D:10     | Slain by a shadow

Vault maps used:
D:1:      lightli_arrival_windingriver
D:2:      ecumenical_altar_2
D:3:      lemuel_doored_altar, uniq_iyjb
D:4:      minmay_overflow_temple_star_quad, serial_shops, shop_statue
D:5:      minmay_goblin_kobold_castle, lemuel_round_altar,
          minmay_temple_entry_nine_rooms, first_bread, serial_shops,
          shop_fountains
D:6:      grunt_temple_overflow_growth_and_decay, serial_park,
          serial_park_gazebo, serial_park_square2, serial_park_tiny_1,
          serial_park_square1, minmay_misc_feat_pillars,
          minmay_misc_feat_more_columns, uniq_blork_the_orc
D:7:      nicolae_overflow_crystal_walls, the_bakery
D:8:      trog_eyes_of_draining, uniq_psyche
D:9:      minitemple, hiddenorc1_lemuel, serial_shops, shop, uniq_maurice
D:10:     lair_0_dummy, st_stairs_9
D:11:     nemelex_deck, uniq_sonja, uniq_harold
Temple:   zaba_magenta_temple_8

Action                   |  1- 3 |  4- 6 |  7- 9 | 10-12 || total
-------------------------+-------+-------+-------+-------++-------
Melee: Spear             |    34 |    33 |       |       ||    67
       Halberd           |       |       |   100 |     2 ||   102
       Flail             |       |       |     8 |       ||     8
Throw: Stone             |    13 |       |       |       ||    13
 Cast: Freeze            |    43 |    34 |    38 |    14 ||   129
       Throw Frost       |    19 |    37 |    81 |    37 ||   174
       Summon Ice Beast  |       |    16 |    87 |    44 ||   147
       Throw Icicle      |       |     3 |    12 |     2 ||    17
       Iskenderun's Myst |       |       |     8 |     1 ||     9
       Ozocubu's Armour  |       |       |     2 |     1 ||     3
       Mephitic Cloud    |       |       |       |     2 ||     2
       Sticky Flame      |       |       |       |     2 ||     2
       Blink             |       |       |       |     1 ||     1
Evoke: Wand              |       |       |       |     1 ||     1
  Use: Scroll            |     4 |     5 |     2 |       ||    11
       Potion            |     3 |     1 |     3 |     1 ||     8
 Stab: Sleeping          |     4 |     1 |     1 |       ||     6
  Eat: Chunk             |     4 |     9 |    18 |     5 ||    36
       Fruit             |       |     2 |     1 |     2 ||     5
       Beef jerky        |       |       |     2 |       ||     2
       Pizza             |       |       |     1 |       ||     1
